 Dungeon Crawl Stone Soup version 0.27-a0-836-gfc908b8576 (webtiles) character file.

Game seed: 16446714389916761080

455 polve the Changer (level 6, 0/51 HPs)
             Began as a Draconian Transmuter on Mar 31, 2021.
             Succumbed to a water moccasin's poison
             ... on level 4 of the Dungeon.
             The game lasted 00:05:29 (5506 turns).

polve the Changer (Draconian Transmuter)            Turns: 5506, Time: 00:05:30

Health: 0/51       AC:  6    Str: 12    XL:     6   Next: 76%
Magic:  9/9        EV: 12    Int: 16    God:
Gold:   164        SH:  0    Dex: 11    Spells: 8/9 levels left

rFire    . . .     SeeInvis .     - Unarmed
rCold    . . .     Faith    .   (no shield)
rNeg     . . .     Spirit   .   (armour unavailable)
rPois    .         Reflect  .   (helmet currently unavailable)
rElec    .         Harm     .   (no cloak)
rCorr    .         Rampage  .   (no gloves)
Will     .....                  (boots currently unavailable)
Stlth    +.........             (no amulet)
HPRegen  0.17/turn              (no ring)
MPRegen  0.11/turn              (no ring)

@: lethally poisoned (0 -> -5), appendages, hasted, very quick
A: horns 2, talons 2, AC +6, unfitting armour, cold-blooded
a: End Transformation


You were on level 4 of the Dungeon.
You had temporarily grown beastly horns and talons.
You visited 1 branch of the dungeon, and saw 4 of its levels.

You collected 164 gold pieces.

Inventory:

Scrolls
 c - 2 scrolls of immolation
 d - 2 scrolls of teleportation {unknown}
 f - a scroll of fog {unknown}
 h - a scroll of summoning {unknown}
 i - 2 scrolls of identify {unknown}
Potions
 e - a potion of haste
 g - a potion of attraction


   Skills:
 + Level 3.2 Fighting
 - Level 1.7 Dodging
 + Level 4.1 Unarmed Combat
 - Level 2.0 Spellcasting
 - Level 6.1 Transmutations


You had 8 spell levels left.
You knew the following spells:

 Your Spells              Type           Power      Damage    Failure   Level
a - Beastly Appendage     Tmut           42%        N/A       1%          1

Your spell library contained the following spells:

 Spells                   Type           Power      Damage    Failure   Level
 Wereblood                Tmut           21%        N/A       2%          2
 Spider Form              Tmut/Pois      5%         N/A       19%         3
 Animate Skeleton         Necr           2%         N/A       21%         1
 Apportation              Tloc           2%         N/A       21%         1
 Corona                   Hex            1%         N/A       21%         1
 Summon Small Mammal      Summ           4%         N/A       21%         1
 Hydra Form               Tmut           10%        N/A       43%         5
 Ice Form                 Ice/Tmut       11%        N/A       52%         4


Dungeon Overview and Level Annotations

Branches:
Dungeon (4/15)
 Temple: D:4-7

Altars:


Innate Abilities, Weirdness & Mutations

You have temporarily grown beastly horns and talons.
Your plain brown scales are hard. (AC +6)
You cannot fit into any form of body armour.
You are cold-blooded and may be slowed by cold attacks.


Message History

You barely miss the water moccasin. Your kick misses the water moccasin.
You feel very sick. The water moccasin closely misses you.
You punch the water moccasin!
Your tail-slap misses the water moccasin.
The water moccasin is moderately wounded.
You feel sick. The water moccasin bites you.
You are more poisoned.
The water moccasin poisons you!
You hit the water moccasin. Your kick misses the water moccasin.
Your headbutt misses the water moccasin.
The water moccasin is moderately wounded.
You feel very sick. The water moccasin bites you.
The water moccasin completely misses you.
You hit the water moccasin but do no damage.
You claw the water moccasin. You tail-slap the water moccasin.
The water moccasin is severely wounded.
You feel very sick. The water moccasin barely misses you.
You completely miss the water moccasin.
The water moccasin is severely wounded.
You feel very sick.
The water moccasin bites you but does no damage.
You closely miss the water moccasin. You claw the water moccasin.
The water moccasin is severely wounded.
You feel very sick. The water moccasin closely misses you.
The water moccasin bites you!
* * * LOW HITPOINT WARNING * * *
You completely miss the water moccasin.
You tail-slap the water moccasin, but do no damage.
The water moccasin is severely wounded.
* * * LOW HITPOINT WARNING * * *
You feel sick. The water moccasin bites you.
* * * LOW HITPOINT WARNING * * *
You feel yourself speed up.
* * * LOW HITPOINT WARNING * * *
You feel sick.
The water moccasin bites you but does no damage.
You die...

####### #.....#
#.....# #<.#..#
#.....# #####.....# #
###.......###
####.#.......#.......
#.....@#S###.#.#####.
#....#$........#
#.... ##......#.#
#... ##......... #..
+#......### #.
##...#.. . ...##. .#


There were no monsters in sight!

Vanquished Creatures
  The ghost of polve the Slasher, an amateur DsAK of Lugonu (D:3)
  A wyvern zombie (D:3)
  2 orc priests
  A bullfrog skeleton (D:3)
  2 orc wizards (D:3)
  7 gnolls (D:2)
  2 adders (D:2)
  2 worms (D:2)
  A dart slug (D:1)
  4 orcs
  4 ball pythons
  2 endoplasms
  2 giant cockroaches
  3 goblins
  4 hobgoblins
  23 jackals
  3 quokkas (D:1)
  7 bats
  3 frilled lizards
  4 kobolds
  4 rats
82 creatures vanquished.

Notes
Turn   | Place    | Note
-------+----------+-------------------------------------------
     0 | D:1      | polve the Draconian Transmuter began the quest for the Orb.
     0 | D:1      | Reached XP level 1. HP: 16/16 MP: 3/3
   495 | D:1      | Reached XP level 2. HP: 23/23 MP: 3/5
   961 | D:1      | Reached skill level 3 in Transmutations
  1095 | D:2      | Reached XP level 3. HP: 28/28 MP: 4/6
  1575 | D:2      | Reached skill level 4 in Transmutations
  1749 | D:2      | Reached XP level 4. HP: 33/35 MP: 5/7
  2514 | D:2      | Reached skill level 5 in Transmutations
  2796 | D:2      | Reached XP level 5. HP: 13/40 MP: 8/8
  3993 | D:3      | Found a runed translucent gate.
  3995 | D:3      | Found a runed translucent gate.
  3996 | D:3      | Found a runed translucent gate.
  3998 | D:3      | Noticed polve's ghost (amateur DsAK)
  4510 | D:2      | Reached skill level 6 in Transmutations
  4754 | D:3      | Reached XP level 6. HP: 43/48 MP: 9/9
  5104 | D:3      | Killed polve's ghost
  5495 | D:4      | Noticed a water moccasin
  5505 | D:4      | HP: 1/51 [poisoned by a water moccasin]
  5506 | D:4      | Succumbed to a water moccasin's poison

Illustrated notes

Levels and vault maps discovered:
D:1:      mrwooster_arrival_statue, layout_rooms, nrook_mini_vaults,
          minmay_heptomino_d4
D:2:      layout_loops_corners, wander_ebering_terrifying_dragon_lair
D:3:      layout_rooms, gammafunk_ghost_necromancy
D:4:      layout_loops_cross, overflow_temple_1_default, grunt_dithmenos_smoke,
          temple_fountains, nemelex_diamond_rough_becter, uniq_duvessa

Skill      XL: |  1  2  3  4  5  6 |
---------------+-------------------+-----
Transmutations | 3 4 5 6 |  6.1
Fighting       | 3 |  3.2
Unarmed Combat | 4 |  4.1
Dodging        | |  1.7
Spellcasting   | |  2.0

Action                   |  1- 3 |  4- 6 || total
-------------------------+-------+-------++-------
Melee: Unarmed           |   121 |   200 ||   321
       Tailslap          |    15 |    25 ||    40
       Kick              |    17 |    30 ||    47
       Headbutt          |    14 |    18 ||    32
       Punch             |     1 |       ||     1
 Cast: Beastly Appendage |    22 |    27 ||    49
  Use: Potion            |       |     6 ||     6
       Scroll            |       |     1 ||     1
 Stab: Sleeping          |       |     1 ||     1
Armor: Skin              |    39 |    37 ||    76
Dodge: Dodged            |    74 |   114 ||   188

Table legend: (Time is in decaauts)
 A = Elapsed time spent in this place.
 B = Non-inter-level travel time spent in this place.
 C = Inter-level travel time spent in this place.
 D = Time resting spent in this place.
 E = Time spent auto-exploring this place.
 F = Levels seen in this place.
 G = Mean time per level.
                   A        B        C        D        E       F      G
               +--------+--------+--------+--------+--------+-----+--------+
         Total |   5486 |   5287 |    199 |     48 |   4468 |   4 | 1371.5 |
       Dungeon |   5486 |   5287 |    199 |     48 |   4468 |   4 | 1371.5 |
               +--------+--------+--------+--------+--------+-----+--------+

Top non-repeatable levels by time:
     D:2: 2588 daAuts
     D:1: 1620 daAuts
     D:3: 1253 daAuts
     D:4: 24 daAuts
